 Dungeon Crawl Stone Soup version 0.27.1-33-g824d729ab1 (webtiles) character file.

Game seed: 2661314603985640960

450 zeram the Covert (level 7, 0/45 HPs)
             Began as an Octopode Brigand on Dec 15, 2021.
             Was an Initiate of Gozag.
             Slain by a sky beast (6 damage)
             ... on level 5 of the Dungeon.
             The game lasted 00:07:25 (4243 turns).

zeram the Covert (Octopode Brigand)                 Turns: 4243, Time: 00:07:27

Health: 0/45       AC:  1    Str: 10    XL:     7   Next: 4%
Magic:  7/7        EV: 12    Int: 15    God:    Gozag
Gold:   259        SH:  0    Dex: 14    Spells: 6/6 levels left

rFire    . . .     SeeInvis .   a - +2 dagger
rCold    . . .     Faith    .   (no shield)
rNeg     . . .     Spirit   .   (helmet restricted)
rPois    .         Reflect  .   (no amulet)
rElec    .         Harm     .   (no ring)
rCorr    .         Rampage  .   (no ring)
Will     .....                  (no ring)
Stlth    ++++++....             (no ring)
HPRegen  0.15/turn              (no ring)
MPRegen  0.10/turn              (no ring)
                                (no ring)
                                (no ring)

@: attractive, flying
A: almost no armour, amphibious, 8 rings, camouflage 1, gelatinous body 1,
(nimble swimmer 1), tentacles
a: Renounce Religion, Potion Petition, Call Merchant, Bribe Branch


You were on level 5 of the Dungeon.
You worshipped Gozag.
Gozag was aware of your devotion.
You visited 1 branch of the dungeon, and saw 5 of its levels.

You collected 306 gold pieces.
You paid 47 gold pieces to Gozag.

Inventory:

Hand Weapons
 a - a +2 dagger (weapon)
Missiles
 b - 12 poisoned darts (quivered)
 c - 2 curare-tipped darts
Jewellery
 h - an amulet of faith
Wands
 d - a wand of flame (18)
 j - a wand of polymorph (7)
Potions
 g - a potion of brilliance
 i - a potion of flight
 n - a potion of attraction


   Skills:
 - Level 2.0 Fighting
 - Level 2.0 Short Blades
 - Level 2.0 Throwing
 - Level 1.0 Dodging
 + Level 11.2 Stealth


You had 6 spell levels left.
You didn't know any spells.
Your spell library contained the following spells:

 Spells                   Type           Power      Damage    Failure   Level
 Animate Skeleton         Necr           0%         N/A       26%         1
 Freeze                   Ice            0%         1d3       26%         1
 Pain                     Necr           0%         1d4       26%         1
 Frozen Ramparts          Ice            0%         1d2       63%         3
 Ozocubu's Armour         Ice            0%         N/A       63%         3
 Vampiric Draining        Necr           0%         2d6       63%         3
 Hailstorm                Conj/Ice       0%         3d3       95%         4
 Ozocubu's Refrigeration  Ice            0%         4d5       100%        7


Dungeon Overview and Level Annotations

Branches:
Dungeon (5/15)
 Temple: D:4-7

Altars:
Fedhas
Gozag
Nemelex Xobeh

Annotations:
D:3 1 runed translucent door, zeram's ghost, amateur MfFi


Innate Abilities, Weirdness & Mutations

You cannot wear most types of armour.
You are amphibious.
You can wear up to eight rings at the same time.
Your skin changes colour to match your surroundings (Stealth+).
Your rubbery body absorbs attacks. (AC +1, EV +1)
((You are camouflaged near water. (Stealth+)))
You have tentacles for arms and can constrict up to eight enemies at once.


Message History

There is a stone staircase leading up here.
You bump into the rock wall.
The sky beast flickers out of sight!
Deactivating autopickup; reactivate with Ctrl-A.
Something hits you. Something shocks you.
You closely miss something.
A sky beast appears from thin air!
Reactivating autopickup.
The sky beast barely misses you.
You bump into the rock wall.
You feel less invigorated.
You feel less confused. The sky beast closely misses you.
You hit the sky beast.
The sky beast is lightly wounded.
The sky beast hits you. The sky beast shocks you.
You closely miss the sky beast.
The sky beast is lightly wounded.
You hit the sky beast. You squeeze the sky beast.
The sky beast is moderately wounded.
The sky beast completely misses you.
You closely miss the sky beast.
The sky beast is moderately wounded.
The sky beast hits you. The sky beast shocks you.
* * * LOW HITPOINT WARNING * * *
As you read the scroll labelled JIUDOQ WIOMOO, it crumbles to dust.
It is a scroll of enchant armour.
You aren't carrying any armour which can be enchanted further.
The sky beast hits you.
* * * LOW HITPOINT WARNING * * *
The sky beast shocks you.
* * * LOW HITPOINT WARNING * * *
It was a potion of attraction.
You feel attractive to monsters.
The sky beast hits you but does no damage.
It was a potion of curing.
You feel better. The sky beast closely misses you.
As you read the scroll labelled ONEOLO OZAZA, it crumbles to dust.
The creatures around you are filled with an inner flame!
It was a scroll of immolation.
The sky beast hits you.
* * * LOW HITPOINT WARNING * * *
The sky beast shocks you.
You die...
Your body crumbles into a pile of gold.

#####.########..# .# #.#
##.# #.##.## #.#
##.####.....# . #
#.###.#..##.....# .# .#
#.##.##.###.....##.### ..
#.#.#...###........... ..
###.##..###............
..#.#.#....###...Y........
...####..#..##.#@.........
....##...#...#{#.#'###+##
.#..##.#.#.#.#.#.#.# #.#
#..#####.#.#.#.#.#.###.#
..#..# #...#.#.#...#...#####
.#..####...##..##..........#
....#.#..#..#..##..........#
8.8.....###....#...........#
....#.#..#..#..#.#.#.#.#####


You could see a sky beast (inner flame).

Vanquished Creatures
  A sky beast (D:5)
  A necrophage (D:5)
  A water moccasin zombie (D:5)
  A jelly (D:3)
  A hound (D:4)
  2 iguanas
  2 adders
  An adder skeleton (D:4)
  2 worms (D:2)
  3 dart slugs
  2 orcs
  5 bats
  9 endoplasms
  5 giant cockroaches
  6 goblins
  5 hobgoblins
  6 kobolds
  6 quokkas
  7 ball pythons
  A frilled lizard (D:2)
  6 rats
73 creatures vanquished.

Notes
Turn   | Place    | Note
-------+----------+-------------------------------------------
     0 | D:1      | zeram the Octopode Brigand began the quest for the Orb.
     0 | D:1      | Reached XP level 1. HP: 14/14 MP: 1/1
   262 | D:1      | Reached skill level 6 in Stealth
   262 | D:1      | Reached XP level 2. HP: 19/19 MP: 2/2
   843 | D:2      | Found a sparkling altar of Nemelex Xobeh.
   872 | D:2      | Reached XP level 3. HP: 22/24 MP: 3/3
  1002 | D:2      | Reached skill level 7 in Stealth
  1043 | D:2      | Found a faded altar of an unknown god.
  1497 | D:2      | Reached XP level 4. HP: 6/29 MP: 4/4
  2017 | D:3      | Noticed zeram's ghost (amateur MfFi)
  2035 | D:3      | Found a runed translucent door.
  2263 | D:3      | Found a sparkling altar of Nemelex Xobeh.
  2263 | D:3      | Found a blossoming altar of Fedhas.
  2433 | D:3      | Reached skill level 8 in Stealth
  2866 | D:4      | Found an opulent altar of Gozag.
  2876 | D:4      | Became a worshipper of Gozag Ym Sagoz the Greedy
  2896 | D:4      | Reached XP level 5. HP: 34/34 MP: 5/5
  2908 | D:4      | Reached skill level 9 in Stealth
  3718 | D:5      | Entered Level 5 of the Dungeon
  3783 | D:5      | Noticed a sky beast
  3784 | D:5      | Killed a sky beast
  3785 | D:5      | Reached skill level 10 in Stealth
  3785 | D:5      | Reached XP level 6. HP: 39/39 MP: 6/6
  3997 | D:5      | Noticed a necrophage
  4002 | D:5      | Killed a necrophage
  4003 | D:5      | Reached skill level 11 in Stealth
  4003 | D:5      | Reached XP level 7. HP: 45/45 MP: 7/7
  4240 | D:5      | HP: 1/45 [sky beast (5)]
  4243 | D:5      | Slain by a sky beast

Illustrated notes

Levels and vault maps discovered:
D:1:      pf_arrival_petrified_forest, layout_loops_ring, dk_noncrumbling_2
D:2:      layout_basic, hellmonk_ecumenical_altar_zigzags, basic_altar,
          grunt_ministairs_13
D:3:      minmay_door_path, layout_loops_ring,
          gammafunk_temple_overflow_elements, hellmonk_ghost_happy_afterlife
D:4:      layout_loops_ring, nicolae_gozag_cash_rules_everything_around_me,
          minmay_misc_feat_room
D:5:      wad_crossroads, layout_basic, old_standard_altar,
          uniq_crazy_yiuf_cottage

Skill      XL: |  1  2  3  4  5  6 |
---------------+-------------------+-----
Stealth        | 6 7 8 10 11 | 11.2
Fighting       | |  2.0
Short Blades   | |  2.0
Throwing       | |  2.0
Dodging        | |  1.0

Action                   |  1- 3 |  4- 6 |  7- 9 || total
-------------------------+-------+-------+-------++-------
Melee: Dagger            |    54 |    63 |    11 ||   128
       Constrict         |    10 |    13 |       ||    23
       Tentacles         |     4 |     7 |     1 ||    12
  Use: Scroll            |     2 |     4 |     2 ||     8
       Potion            |       |       |     4 ||     4
 Stab: Sleeping          |    20 |    19 |       ||    39
Armor: Skin              |     2 |     2 |     1 ||     5
Dodge: Dodged            |    27 |    23 |     7 ||    57
